Unix NetHack Version 3.7.0-86 Work-in-progress - last build May 30 2023 01:50:43 (cc98dc9aa62a9957b082a042edf5bd7ec9f632c7,branch:master). Game began 2023-06-04 17:17:08, ended 2023-06-04 17:24:13. spline, chaotic male elven Wizard --- --.--- ---- |....| |..-- |....| ....---...| |..--- .)...|....------.-- ...........*.....-- ... .....[.......| ... --.@..... ..-- ... -h*..... ...| ... ...--......-- ........-|---....| .0....*..- |....-- ....--... ---...-- --...-- --...| |...| |-.-| |...| --.-- --- Spline the Evoker St:11 Dx:14 Co:13 In:17 Wi:10 Ch:10 Chaotic Dlvl:3 $:25 HP:0(13) Pw:6(24) AC:6 Xp:2/30 T:873 Latest messages: You kill the gnome! There are several objects here. There is a gnome corpse here; eat it? [ynq] (n) y This gnome corpse is stringy. You finish eating the gnome corpse. u - an agate ring. You swap places with Morris. Morris drops a rock. You hear crashing rock. You are beginning to feel hungry. You swap places with Morris. You don't have enough energy to cast that spell. You don't have enough energy to cast that spell. The gnome swings his thonged club. The gnome misses! You hit the gnome. You don't have enough energy to cast that spell. You kill the gnome! Welcome to experience level 2. You hear some noises. Morris misses the dwarf. There are several objects here. Morris bites the dwarf. The dwarf is killed! There is a gnome corpse here; eat it? [ynq] (n) y This gnome corpse tastes okay. You stop eating the gnome corpse. The fox bites! In what direction? h The spell misses the fox. The fox misses! The fox bites! In what direction? h The spell misses the fox. The fox bites! Suddenly, Morris falls through a trap door. In what direction? h The spell hits the fox! You kill the fox! There is a partly eaten gnome corpse here; eat it? [ynq] (n) y You resume your meal. You stop eating the gnome corpse. The dwarf swings his pick-axe. The dwarf hits! You die... Do you want your possessions identified? [ynq] (y) n Do you want to see your attributes? [ynq] (y) n Do you want an account of creatures vanquished? [ynaq] (y) n Do you want to see your conduct and achievements? [ynq] (y) n Do you want to see the dungeon overview? [ynq] (y) n Inventory: Coins $ - 25 gold pieces Weapons a - a blessed +1 quarterstaff (weapon in hands) Armor b - an uncursed +0 cloak of magic resistance (being worn) p - an uncursed +0 studded leather armor (being worn) Comestibles s - an uncursed tripe ration Scrolls j - an uncursed scroll of earth k - an uncursed scroll of enchant armor i - an uncursed scroll of taming Spellbooks l - a blessed spellbook of force bolt m - an uncursed spellbook of identify Potions h - an uncursed potion of gain energy q - an uncursed potion of healing g - an uncursed potion of invisibility t - an uncursed potion of levitation f - a blessed potion of see invisible Rings e - an uncursed +2 ring of adornment d - an uncursed +1 ring of gain constitution u - an uncursed ring of teleportation Wands o - a wand of cancellation (0:5) c - a wand of slow monster (0:8) Tools n - an uncursed wooden flute Spline the Wizard's attributes: Background: You were an Evoker, a level 2 male elven Wizard. You were chaotic, on a mission for Anhur who was opposed by Ptah (lawful) and Thoth (neutral). You were in the Gnomish Mines, on level 3. You entered the dungeon 873 turns ago. There was a full moon in effect when your adventure ended. You had 30 experience points, 10 more were needed to attain level 3. Basics: You had 0 out of 13 hit points. You had 6 out of 24 energy points (spell power). Your armor class was 6. Your wallet contained 25 zorkmids. Autopickup was off. Final Characteristics: Your strength was 11 (limit:18). Your dexterity was 14 (limit:18). Your constitution was 13 (limit:16). Your intelligence was 17 (limit:20). Your wisdom was 10 (limit:20). Your charisma was 10 (limit:18). Final Status: You were not hungry. You were unencumbered. You were wielding a quarterstaff. You had basic skill with quarterstaff. Final Attributes: You were devoutly aligned. You were magic-protected. You had infravision. You were warded. You were lucky. You are dead. Miscellaneous: You never encountered a bones level. Total elapsed playing time was 7 minutes and 4 seconds. Major events: Turn 1: spline the chaotic male elven Wizard entered the dungeon 746: entered the Gnomish Mines 873: killed by a dwarf Vanquished creatures: a dwarf a hobbit 4 gnomes a fox 3 grid bugs 5 newts 15 creatures vanquished. No species were genocided or became extinct. Voluntary challenges: You were an atheist. You read items or engraved 1 time. You engraved Elbereth 1 time. You never genocided any monsters. You never polymorphed an object. You never changed form. You used no wishes. Achievement: You entered the Gnomish Mines. The Dungeons of Doom: levels 1 to 2 Level 1: Level 2: Stairs down to The Gnomish Mines. The Gnomish Mines: Level 3: <- You were here. Final resting place for you, killed by a dwarf. Game over: ---------- / \ / REST \ / IN \ / PEACE \ / \ | spline | | 25 Au | | killed by a | | dwarf | | | | | | 2023 | *| * * * | * _________)/\\_//(\/(/\)/\//\/|_)_______ Goodbye spline the Wizard... You died in The Gnomish Mines on dungeon level 3 with 243 points, and 25 pieces of gold, after 873 moves. You were level 2 with a maximum of 13 hit points when you died.